 Dungeon Crawl Stone Soup version 0.27-a0-1193-g8631133539 (webtiles) character file.

Game seed: 12936407724191749433

1797 tilp the Caller (level 9, 0/65 HPs)
             Began as a Barachi Summoner on May 25, 2021.
             Was a Follower of Okawaru.
             Slain by an unseen horror (8 damage)
             ... on level 7 of the Dungeon.
             The game lasted 00:22:49 (7935 turns).

tilp the Caller (Barachi Summoner)                  Turns: 7935, Time: 00:22:49

Health: 0/65       AC: 13    Str: 12    XL:     9   Next: 9%
Magic:  15/15      EV: 13    Int: 15    God:    Okawaru [*.....]
Gold:   278        SH:  0    Dex: 14    Spells: 7/16 levels left

rFire    . . .     SeeInvis .   a - +0 spear
rCold    . . .     Faith    +   j - +0 buckler
rNeg     . . .     Spirit   .   q - +0 troll leather armour {Purgy}
rPois    .         Reflect  .   u - +1 helmet
rElec    .         Harm     .   c - +0 cloak
rCorr    .         Rampage  .   r - +1 pair of gloves
Will     .....                  (no boots)
Stlth    +.........             w - amulet of faith
HPRegen  1.20/turn              i - +4 ring of protection
MPRegen  0.14/turn              x - +4 ring of slaying

@: confused, ambrosia-drunk, slow
A: amphibious, slowness 1, strong legs 1, +LOS
a: Hop, Renounce Religion, Heroism


You were on level 7 of the Dungeon.
You worshipped Okawaru.
Okawaru was aware of your devotion.
You visited 2 branches of the dungeon, and saw 8 of its levels.

You collected 278 gold pieces.

Inventory:

Hand Weapons
 a - a +0 spear (weapon)
 b - a +0 dagger
 l - a +0 scythe
Missiles
 n - 49 poisoned darts (quivered)
Armour
 c - a +0 cloak (worn)
 d - a +0 ring mail
 j - a +0 buckler (worn)
 q - a +0 troll leather armour (worn) {Purgy}
 r - a +1 pair of gloves (worn)
 u - a +1 helmet (worn)
 y - a +1 chain mail of willpower
Jewellery
 i - a +4 ring of protection (left hand)
 m - an amulet of reflection
 w - an amulet of faith (around neck)
 x - a +4 ring of slaying (right hand)
 A - a ring of protection from fire
Wands
 h - a wand of digging (5)
 o - a wand of polymorph (7)
Scrolls
 g - 6 scrolls of teleportation
 v - a scroll of enchant armour
 z - a scroll of fear
 B - a scroll of summoning {unknown}
 C - a scroll of immolation
Potions
 e - a potion of magic
 k - 2 potions of brilliance
 p - 2 potions of heal wounds {unknown}
 s - 2 potions of curing {unknown}
 t - a potion of flight {unknown}
 D - 2 potions of invisibility {unknown}


   Skills:
 - Level 4.0 Fighting
 - Level 4.0 Polearms
 - Level 4.0 Dodging
 - Level 4.0 Stealth
 - Level 4.0 Shields
 - Level 4.0 Spellcasting
 + Level 6.6 Summonings
 - Level 4.0 Invocations
 - Level 4.0 Evocations


You had 7 spell levels left.
You knew the following spells:

 Your Spells              Type           Power      Damage    Failure   Level
a - Summon Small Mammal   Summ           88%        N/A       1%          1
b - Call Imp              Summ           22%        N/A       2%          2
c - Call Canine Familiar  Summ           22%        N/A       4%          3
d - Summon Guardian Gole  Hex/Summ       12%        N/A       19%         3

Your spell library contained the following spells:

 Spells                   Type           Power      Damage    Failure   Level
 Animate Skeleton         Necr           6%         N/A       22%         1
 Pain                     Necr           12%        1d4       22%         1
 Summon Ice Beast         Ice/Summ       12%        N/A       52%         4
 Summon Lightning Spire   Summ/Air       12%        N/A       52%         4
 Confusing Touch          Hex            3%         N/A       56%         3
 Gell's Gravitas          Tloc           1%         N/A       56%         3
 Vampiric Draining        Necr           1%         2d6       56%         3
 Summon Forest            Summ/Tloc      6%         N/A       86%         5
 Animate Dead             Necr           1%         N/A       92%         4
 Iskenderun's Mystic Bla  Conj/Tloc      3%         2d3       92%         4
 Agony                    Necr           3%         N/A       99%         5
 Silence                  Hex/Air        1%         N/A       99%         5


Dungeon Overview and Level Annotations

Branches:
Dungeon (7/15)             Temple (1/1) D:6

Altars:
Cheibriados
Dithmenos
Elyvilon
Fedhas
Gozag
Hepliaklqana
Kikubaaqudgha
Makhleb
Nemelex Xobeh
Okawaru
Qazlal
Sif Muna
Uskayaw
Vehumet
Wu Jian
Xom
Yredelemnul
Zin
The Shining One

Shops:
D:2 (   D:4 =


Innate Abilities, Weirdness & Mutations

You are amphibious.
You cover ground slowly.
You can hop short distances.
You have an extended range of vision and can be seen from far away.


Message History

You hit something.
You are ready to hop once more.
Something completely misses you.
Your hound closely misses something.
Something hits you!
* * * LOW HITPOINT WARNING * * *
You hit something. Something hits you but does no damage.
Your hound bites something.
Something hits you but does no damage.
Your hound barely misses something.
You hit something. Something hits you.
* * * LOW HITPOINT WARNING * * *
Something hits you.
* * * LOW HITPOINT WARNING * * *
Your hound barely misses something.
You closely miss something.
Something hits you but does no damage. x2
Your hound bites something.
You hit something but do no damage. Something hits you.
* * * LOW HITPOINT WARNING * * *
Something hits you.
* * * LOW HITPOINT WARNING * * *
Your hound completely misses something.
Your hound bites something.
You hit something. Something barely misses you.
Something barely misses your hound.
Your hound bites something.
Something hits you.
* * * LOW HITPOINT WARNING * * *
Unknown command.
You are confused.
You feel invigorated.
Your hound disappears in a puff of smoke!
Something hits you but does no damage. Something hits you.
* * * LOW HITPOINT WARNING * * *
Unknown command.
You bump into the rock wall.
Something hits you.
* * * LOW HITPOINT WARNING * * *
Something hits you.
* * * LOW HITPOINT WARNING * * *
You miss something. Something hits you but does no damage.
You hit something. Something hits you!
* * * LOW HITPOINT WARNING * * *
Something hits you!
You die...

#+# #... #.# #.## #. #.# #.#
... ### ###.###### #.#
....##.## #........# #.#
........#.###.....##.# #.#
.........#.##....###.######.#
.......#!...................#
#......###.##@######.########
##...## #.###{######.# ##.#
#.# #...h....# ## ##
##########


There were no monsters in sight!

Vanquished Creatures
  Sigmund (D:2)
  Menkaure (D:5)
  A black bear (D:5)
  A scorpion (D:5)
  2 killer bees (D:7)
  A wight (D:7)
  A bullfrog zombie (D:5)
  A hound (D:4)
  A jelly (D:6)
  An iguana (D:6)
  A hound zombie (D:5)
  Robin (D:3)
  2 adders (D:5)
  2 dart slugs
  4 orcs
  2 ball pythons
  2 bats
  3 endoplasms
  2 giant cockroaches
  4 hobgoblins
  2 jackals (D:3)
  6 frilled lizards
  8 goblins
  4 kobolds
  8 rats
62 creatures vanquished.

Vanquished Creatures (collateral kills)
  A centaur zombie (D:6)
  Grinder (D:3)
  Eustachio (D:4)
  Edmund (D:5)
  A water moccasin (D:6)
  Duvessa (D:4)
  Purgy (D:3)
  An ice beast (D:7)
  An ogre (D:4)
  A bullfrog (D:6)
  A scorpion (D:4)
  A wyvern skeleton (D:4)
  A wight (D:7)
  A killer bee (D:7)
  A jelly (D:4)
  An orc priest (D:5)
  2 centaur skeletons (D:6)
  An orc wizard (D:6)
  A howler monkey zombie (D:7)
  6 adders
  4 gnolls
  A white imp (D:7)
  A dart slug (D:1)
  An orc (D:6)
  4 ball pythons
  2 bats
  6 endoplasms
  2 giant cockroaches
  6 goblins (D:3)
  4 hobgoblins
  4 kobolds
  4 quokkas
  3 rats
68 creatures vanquished.

Grand Total: 130 creatures vanquished

Notes
Turn   | Place    | Note
-------+----------+-------------------------------------------
     0 | D:1      | tilp the Barachi Summoner began the quest for the Orb.
     0 | D:1      | Reached XP level 1. HP: 13/13 MP: 3/3
   111 | D:1      | Reached skill level 1 in Fighting
   138 | D:1      | Reached XP level 2. HP: 15/22 MP: 5/5
   141 | D:1      | Learned a level 2 spell: Call Imp
   577 | D:1      | Reached skill level 5 in Summonings
  1003 | D:1      | Reached XP level 3. HP: 22/27 MP: 1/6
  1007 | D:1      | Learned a level 3 spell: Call Canine Familiar
  1302 | D:1      | Found a faded altar of an unknown god.
  1982 | D:2      | Found Gaixoops's Antique Weapon Boutique.
  2228 | D:2      | Noticed Sigmund
  2245 | D:2      | Killed Sigmund
  2246 | D:2      | Reached skill level 6 in Summonings
  2246 | D:2      | Reached XP level 4. HP: 20/33 MP: 1/10
  2246 | D:2      | Reached XP level 5. HP: 23/38 MP: 1/11
  2372 | D:2      | Found an ornate altar of the Wu Jian Council.
  2755 | D:3      | Noticed Grinder
  2956 | D:3      | Killed Grinder
  2957 | D:3      | Reached XP level 6. HP: 27/44 MP: 1/12
  3107 | D:3      | Noticed Purgy
  3116 | D:3      | Killed Purgy
  3285 | D:3      | Found a glowing silver altar of Zin.
  3286 | D:3      | Found an opulent altar of Gozag.
  3396 | D:3      | Identified the Grimoire of the Oath and Dislocation
  3778 | D:3      | Noticed Robin
  3799 | D:3      | Killed Robin
  3851 | D:3      | Learned a level 3 spell: Summon Guardian Golem
  3911 | D:4      | Reached skill level 1 in Polearms
  4021 | D:4      | Found Oweuj's Jewellery Shop.
  4284 | D:4      | Reached XP level 7. HP: 51/51 MP: 5/13
  4449 | D:4      | Noticed Eustachio
  4558 | D:4      | Noticed Duvessa
  4558 | D:4      | Noticed Dowan
  4586 | D:4      | Killed Duvessa
  4589 | D:4      | Noticed Dowan
  4589 | D:4      | Dowan changed into Dowan the adder
  4593 | D:4      | Killed Dowan the adder
  5083 | D:4      | Killed Eustachio
  5361 | D:5      | Entered Level 5 of the Dungeon
  5435 | D:5      | Noticed Edmund
  5683 | D:5      | Noticed Menkaure
  5695 | D:5      | Killed Menkaure
  5696 | D:5      | Reached XP level 8. HP: 7/60 MP: 8/14
  6166 | D:5      | Killed Edmund
  6372 | D:6      | Found a staircase to the Ecumenical Temple.
  6395 | Temple   | Entered the Ecumenical Temple
  6476 | Temple   | Became a worshipper of Warmaster Okawaru
  6529 | D:6      | Reached skill level 1 in Evocations
  6765 | D:6      | Reached * piety under Okawaru
  6766 | D:6      | Reached skill level 1 in Invocations
  7171 | D:7      | Reached XP level 9. HP: 64/65 MP: 3/15
  7457 | D:7      | Found a stormy altar of Qazlal.
  7457 | D:7      | Found a shadowy altar of Dithmenos.
  7780 | D:7      | Found a sparkling altar of Nemelex Xobeh.
  7931 | D:7      | HP: 1/65 [something (5)]
  7935 | D:7      | Slain by an unseen horror

Illustrated notes

Levels and vault maps discovered:
D:1:      heliophobic_arrival_henge, layout_loops_ring,
          chequers_ecumenical_altar_island
D:2:      layout_rooms, serial_shops,
          nicolae_shop_temple_entry_statues_fountains, basic_altar,
          minmay_circle_x, uniq_sigmund
D:3:      layout_basic, grunt_temple_overflow_gold_and_silver, uniq_purgy,
          uniq_grinder, uniq_robin
D:4:      layout_basic, serial_shops, shop, uniq_duvessa, uniq_eustachio
D:5:      layout_rooms, serial_glass, glass_columns_a, glass_columns_b,
          glass_columns_a, glass_columns_a, glass_columns_c, glass_columns_c,
          minivault_14, uniq_edmund, uniq_menkaure
D:6:      layout_rooms, minmay_temple_entry_ruins
D:7:      layout_loops_corners, kennysheep_little_box,
          gammafunk_temple_overflow_elements
Temple:   jpeg_temple_clearing

Skill      XL: |  1  2  3  4  5  6  7  8  9 |
---------------+----------------------------+-----
Fighting       | 1 2 3 4 |  4.0
Summonings     | 5 6 |  6.6
Spellcasting   | 4 |  4.0
Shields        | 3 4 |  4.0
Polearms       | 1 3 4 |  4.0
Stealth        | 2 3 4 |  4.0
Dodging        | 3 4 |  4.0
Evocations     | 4 |  4.0
Invocations    | 3 4 |  4.0

Action                   |  1- 3 |  4- 6 |  7- 9 || total
-------------------------+-------+-------+-------++-------
Melee: Dagger            |    43 |       |       ||    43
       Spear             |    74 |    98 |   288 ||   460
Throw: Dart              |       |     3 |     2 ||     5
 Cast: Summon Small Mamm |     9 |       |       ||     9
       Call Imp          |    19 |    15 |    28 ||    62
       Call Canine Famil |     1 |     8 |    33 ||    42
       Summon Guardian G |       |       |     1 ||     1
Invok: Heroism           |       |       |     1 ||     1
 Abil: Hop               |       |     2 |     2 ||     4
Evoke: Wand              |       |       |     1 ||     1
  Use: Scroll            |     3 |     6 |     6 ||    15
       Potion            |       |       |     2 ||     2
 Stab: Sleeping          |       |     1 |     3 ||     4
       Distracted        |       |     1 |     2 ||     3
Armor: Robe              |     4 |       |       ||     4
       Ring mail         |    27 |    16 |       ||    43
       Troll leather arm |       |    21 |   102 ||   123
Dodge: Dodged            |    51 |    39 |    83 ||   173
Block: Buckler           |       |     5 |    65 ||    70
       Reflection        |       |       |     1 ||     1

Table legend: (Time is in decaauts)
 A = Elapsed time spent in this place.
 B = Non-inter-level travel time spent in this place.
 C = Inter-level travel time spent in this place.
 D = Time resting spent in this place.
 E = Time spent auto-exploring this place.
 F = Levels seen in this place.
 G = Mean time per level.
                   A        B        C        D        E       F      G
               +--------+--------+--------+--------+--------+-----+--------+
         Total |   8778 |   8321 |    457 |   1332 |   5528 |   8 | 1097.2 |
       Dungeon |   8635 |   8235 |    400 |   1332 |   5454 |   7 | 1233.6 |
        Temple |    142 |     85 |     57 |      0 |     73 |   1 |  142.0 |
               +--------+--------+--------+--------+--------+-----+--------+

Top non-repeatable levels by time:
     D:1: 1795 daAuts
     D:4: 1636 daAuts
     D:3: 1541 daAuts
     D:5: 1100 daAuts
     D:7: 991 daAuts
     D:2: 940 daAuts
     D:6: 630 daAuts
  Temple: 142 daAuts
